 Dungeon Crawl Stone Soup version 0.26.1-11-gd32895ea62 (webtiles) character file.

Game seed: 2330478655419991609

7840 dtburroughs the Cleaver (level 11, -2/100 HPs)
             Began as a Minotaur Berserker on July 6, 2021.
             Was a High Priest of Trog.
             Slain by an orc warrior
             ... wielding a +0 battleaxe
              (14 damage)
             ... on level 9 of the Dungeon.
             The game lasted 00:21:06 (12600 turns).

dtburroughs the Cleaver (Minotaur Berserker)       Turns: 12600, Time: 00:21:07

Health: -2/100     AC: 11    Str: 22    XL:     11   Next: 2%
Magic:  10/10      EV:  7    Int:  7    God:    Trog [*****.]
Gold:   590        SH: 11    Dex: 10    Spells: 10/10 levels left

rFire    . . .     SeeInvis .   I - +4 broad axe
rCold    . . .     Faith    +   P - +0 tower shield
rNeg     . . .     Spirit   .   d - +0 chain mail
rPois    +         Reflect  .   (helmet restricted)
rElec    .         Harm     .   N - scarf {shadows}
rCorr    .         Rampage  .   (no gloves)
Will     .....                  (no boots)
Stlth    ..........             v - amulet of faith
HPRegen  0.26/turn              L - ring of poison resistance
MPRegen  0.12/turn              (no ring)

@: no status effects
A: retaliatory headbutt, horns 2
a: Renounce Religion, Berserk, Trog's Hand, Brothers in Arms


You were on level 9 of the Dungeon.
You worshipped Trog.
Trog was extremely pleased with you.
You visited 1 branch of the dungeon, and saw 9 of its levels.
You also visited: Sewer.

You collected 590 gold pieces.

Inventory:

Hand Weapons
 E - a +1 dire flail of protection
 I - a +4 broad axe (weapon)
Armour
 d - a +0 chain mail (worn)
 x - a +0 cloak
 N - a scarf of shadows (worn)
 P - a +0 tower shield (worn)
Jewellery
 v - an amulet of faith (around neck)
 A - an uncursed ring of ice
 L - a ring of poison resistance (left hand)
Wands
 m - a wand of paralysis (11)
 p - a wand of iceblast (22)
 y - a wand of disintegration (18)
 C - a wand of polymorph (7)
 D - a wand of random effects (18)
 K - a wand of digging (3)
 M - a wand of enslavement (18)
 O - a wand of acid (34)
Scrolls
 a - a scroll of enchant weapon {unknown}
 b - a scroll of noise {unknown}
 e - 4 scrolls of enchant armour
 f - 2 scrolls of immolation {unknown}
 h - 3 scrolls of identify
 k - 5 scrolls of teleportation
 n - 3 scrolls of fog
 o - 3 scrolls of magic mapping
 r - a scroll of amnesia {unknown}
 t - 4 scrolls of blinking
 u - 2 scrolls of remove curse
 G - a scroll of silence {unknown}
 H - a scroll of vulnerability {unknown}
 J - a scroll of acquirement {unknown}
Potions
 c - 6 potions of heal wounds
 g - a potion of magic {unknown}
 i - 4 potions of haste
 j - 6 potions of flight
 l - 4 potions of curing
 q - 2 potions of lignification {unknown}
 s - 2 potions of brilliance {unknown}
 w - a potion of attraction {unknown}
 z - 2 potions of resistance {unknown}
 B - a potion of ambrosia {unknown}


   Skills:
 + Level 10.2 Fighting
 + Level 10.2 Axes
 + Level 9.9 Armour
 + Level 9.0 Dodging
 + Level 5.2 Evocations


You had 10 spell levels left.
You didn't know any spells.
Your spell library was empty.

Dungeon Overview and Level Annotations

Branches:
Dungeon (9/15)             Temple (0/1) D:4           Sewer (visited)
   Lair: D:8-11         Orc: D:9-12

Altars:
Cheibriados
Dithmenos
Fedhas
Gozag
Hepliaklqana
Okawaru
Qazlal
Ru
Sif Muna
Vehumet
Xom
Yredelemnul

Shops:
D:6 [?(:*   D:9 *

Annotations:
D:2 2 transporters
D:8 1 runed translucent door, Pepete's ghost, novice HuFi


Innate Abilities, Weirdness & Mutations

You reflexively headbutt those who attack you in melee.
You have a pair of horns on your head.


Message History

You closely miss the goblin. You headbutt the goblin.
The goblin is moderately wounded.
You block the goblin's attack.
You slash the goblin!
You kill the goblin!
Trog accepts your kill.
You hit the orc warrior.
The orc warrior is lightly wounded.
The orc warrior closely misses you. You furiously retaliate!
You headbutt the orc warrior.
The orc warrior hits you with a +0 battleaxe!!
You hit the orc warrior.
The orc warrior is lightly wounded.
You hit the orc warrior but do no damage.
Your headbutt misses the orc warrior.
The orc warrior is lightly wounded.
The orc warrior hits you with a +0 battleaxe!!
* * * LOW HITPOINT WARNING * * *
The orc warrior hits you with a +0 battleaxe!
You die...

##.............
#..............
##.............
.o......)..... ##
#.......#
###.......###... .#
#†......# #.'.......#
#... .# #.......#
###(#.......# ###.
.#####(......#
#.(.#.......#####.
.##..'.......#
#Z###.......#..)))
.#..##.......###o#
#.......#.###.
.'.###.......'((@#
#.......'.# #. .###
#.......#####
#.......### #. .#
######+## #.......# #.
## #.# ####)#### ##
#.## #....# #).#
##+###### ##.#
#(......# #
######(######.......# #
..>.....#...'.......###
#


You could see an orc warrior and an adder zombie.

Vanquished Creatures
  Harold (D:8)
  2 two-headed ogres
  Maurice (D:9)
  A hornet (D:8)
  Sigmund (D:3)
  5 yaks (D:9)
  Edmund (D:6)
  An ice beast (D:8)
  An orc warrior (D:9)
  An eye of draining (D:9)
  9 ogres
  3 sky beasts
  2 phantoms
  2 centaurs
  7 bullfrogs
  A gnoll sergeant (D:7)
  A wyvern skeleton (D:7)
  A scorpion (D:8)
  11 killer bees
  2 centaur zombies (D:5)
  Crazy Yiuf (D:3)
  2 bullfrog zombies (D:5)
  3 hounds
  5 orc priests
  A bullfrog skeleton (D:7)
  3 jellies
  5 orc wizards
  Ijyb (D:3)
  12 worker ants
  A killer bee zombie (D:7)
  2 hound zombies
  A hound skeleton (D:4)
  12 gnolls
  2 howler monkey skeletons
  18 adders
  3 shadow imps
  3 white imps
  An ufetubus (D:7)
  14 oozes
  A worm (D:2)
  2 adder skeletons
  A dart slug (D:1)
  11 leopard geckos
  35 orcs
  14 giant cockroaches
  4 goblins
  5 hobgoblins
  18 jackals
  6 kobolds
  3 quokkas
  10 ball pythons
  4 bats
  20 frilled lizards
  A giant cockroach zombie (D:5)
  A jackal skeleton (D:7)
  A leopard gecko zombie (D:6)
  6 rats
287 creatures vanquished.

Vanquished Creatures (others)
  An orc wizard (D:4)
1 creature vanquished.

Grand Total: 288 creatures vanquished

Notes
Turn   | Place    | Note
-------+----------+-------------------------------------------
     0 | D:1      | dtburroughs the Minotaur Berserker began the quest for the
                  | Orb.
     0 | D:1      | Reached XP level 1. HP: 19/19 MP: 0/0
   322 | D:1      | Reached XP level 2. HP: 12/27 MP: 1/1
   654 | D:1      | You fall into a shaft and drop 1 floor!
  1031 | D:2      | Found a basalt altar of Yredelemnul.
  1031 | D:2      | Found a transporter.
  1031 | D:2      | Noticed an orc warrior
  1034 | D:2      | Reached XP level 3. HP: 25/33 MP: 2/2
  1132 | D:2      | Found a snail-covered altar of Cheibriados.
  1137 | D:2      | Found a transporter.
  1216 | D:2      | Reached ** piety under Trog
  1399 | D:2      | Noticed an ogre
  1409 | D:2      | Killed an ogre
  1410 | D:2      | Reached XP level 4. HP: 6/41 MP: 3/3
  1410 | D:2      | Reached XP level 5. HP: 7/47 MP: 4/4
  2236 | D:2      | Reached skill level 5 in Fighting
  2236 | D:2      | Reached skill level 5 in Axes
  3333 | D:3      | Reached XP level 6. HP: 44/56 MP: 5/5
  3335 | D:3      | Noticed Sigmund
  3455 | D:3      | Killed Sigmund
  3605 | D:3      | Noticed Ijyb
  3620 | D:3      | Killed Ijyb
  3916 | D:3      | Found a runed translucent door.
  3917 | D:3      | Noticed Crazy Yiuf
  4052 | D:3      | Reached skill level 5 in Armour
  4063 | D:3      | Found a blossoming altar of Fedhas.
  4286 | D:3      | Killed Crazy Yiuf
  4287 | D:3      | Reached XP level 7. HP: 36/62 MP: 6/6
  4743 | D:4      | Found a glowing drain.
  4753 | Sewer    | Entered a sewer
  4989 | Sewer    | Reached *** piety under Trog
  5321 | Sewer    | Reached **** piety under Trog
  5322 | Sewer    | Reached skill level 5 in Dodging
  5925 | D:4      | Reached XP level 8. HP: 71/71 MP: 7/7
  5996 | D:4      | Found a shimmering blue altar of Sif Muna.
  6166 | D:4      | Found an iron altar of Okawaru.
  6228 | D:4      | Found a staircase to the Ecumenical Temple.
  6271 | D:5      | Entered Level 5 of the Dungeon
  7193 | D:5      | Found a shimmering altar of Xom.
  7531 | D:6      | Noticed Edmund
  7560 | D:6      | Killed Edmund
  7561 | D:6      | Found Qemiklogg's Antique Armour Shop.
  7836 | D:6      | Found Lietut's Magic Scroll Shoppe.
  8102 | D:6      | Found Xaeck's Book Emporium.
  8113 | D:6      | Found Deekech's Assorted Antiques.
  8138 | D:6      | Found Inieb's Antique Weapon Boutique.
  8244 | D:6      | Reached skill level 1 in Evocations
  8623 | D:6      | Reached XP level 9. HP: 75/81 MP: 8/8
  9342 | D:7      | Reached ***** piety under Trog
  9464 | D:7      | Found a stormy altar of Qazlal.
  9464 | D:7      | Found a radiant altar of Vehumet.
  9571 | D:7      | Found a sacrificial altar of Ru.
 10312 | D:8      | Noticed Harold
 10318 | D:8      | Killed Harold
 10375 | D:8      | Found an opulent altar of Gozag.
 10538 | D:8      | Reached XP level 10. HP: 47/91 MP: 9/9
 10795 | D:8      | Found a shadowy altar of Dithmenos.
 11113 | D:8      | Noticed a two-headed ogre
 11122 | D:8      | Killed a two-headed ogre
 11551 | D:8      | Found a runed translucent door.
 11555 | D:8      | Noticed Pepete's ghost (novice HuFi)
 11596 | D:9      | Received a gift from Trog
 11865 | D:9      | Noticed a two-headed ogre
 11876 | D:9      | Killed a two-headed ogre
 11877 | D:9      | Reached skill level 10 in Axes
 12324 | D:9      | Found Ytuugge's General Store.
 12356 | D:9      | Reached skill level 10 in Fighting
 12388 | D:9      | Found a hazy altar of Hepliaklqana.
 12455 | D:9      | Reached skill level 5 in Evocations
 12528 | D:9      | Noticed Maurice
 12535 | D:9      | Killed Maurice
 12573 | D:9      | Reached XP level 11. HP: 54/100 MP: 10/10
 12600 | D:9      | Slain by an orc warrior

Illustrated notes

Levels and vault maps discovered:
D:1:      evilmike_arrival_home_sweet_home, layout_basic
D:2:      layout_rooms, gammafunk_temple_overflow_arena
D:3:      layout_basic, serial_bayou_ford_a, fedhas_altar_fruit_tree,
          uniq_sigmund, uniq_crazy_yiuf_cottage, uniq_ijyb
D:4:      layout_rooms, tgw_sif, kennysheep_little_box,
          minmay_temple_entry_fiery, cheibrodos_sewer_entry_sluice
D:5:      layout_basic, lemuel_coloured_pillars_altar, minmay_fountain_box,
          solitary_fountain, minmay_misc_feat_square
D:6:      layout_basic, serial_shops, shop, shop, nicolae_shop_trees,
          nicolae_shop_stone, shop, columned_hall_lemuel, grunt_ministairs_9,
          kennysheep_generic_room_4, uniq_edmund
D:7:      layout_loops_corners, nicolae_ru_great_annihilating_truth,
          gammafunk_temple_overflow_elements, kennysheep_cross_bottleneck
D:8:      layout_basic, nicolae_gozag_seed_capital, basic_altar,
          ebering_ghost_reflecting_pool, uniq_harold
D:9:      layout_roguey, kennysheep_mini_moat, tgw_trog, erik_orc_4,
          serial_shops, shop_statue, uniq_maurice

Skill      XL: |  1  2  3  4  5  6  7  8  9 10 |
---------------+-------------------------------+-----
Axes           | 4 5 6 7 9 10 | 10.2
Fighting       | 4 5 6 7 9 10 | 10.2
Armour         | 3 4 5 6 7 8 9 |  9.9
Dodging        | 3 4 5 6 7 9 |  9.0
Evocations     | 1 3 5 |  5.2

Action                   |  1- 3 |  4- 6 |  7- 9 | 10-12 || total
-------------------------+-------+-------+-------+-------++-------
Melee: Hand axe          |    53 |   115 |   267 |       ||   435
       Headbutt          |     6 |    24 |    94 |    35 ||   159
       War axe           |       |       |   181 |    75 ||   256
       Broad axe         |       |       |       |   109 ||   109
Invok: Berserk           |     1 |     2 |     1 |     1 ||     5
       Trog's Hand       |       |     5 |     3 |     4 ||    12
Evoke: Wand              |       |       |     4 |       ||     4
  Use: Scroll            |       |       |     9 |     3 ||    12
       Potion            |       |       |       |     1 ||     1
 Stab: Sleeping          |     1 |       |       |       ||     1
Armor: Animal skin       |     7 |     5 |       |       ||    12
       Chain mail        |       |    40 |   259 |    87 ||   386
Dodge: Dodged            |    32 |    73 |   247 |    68 ||   420
Block: Tower shield      |       |       |       |    96 ||    96
